 Dungeon Crawl Stone Soup version 0.30.1-11-g7821555f0a (webtiles) character file.

Game seed: 16602849035932217014

86 Okkudo the Chopper (level 4, -2/39 HPs)
             Began as a Hill Orc Monk on Dec 10, 2023.
             Slain by an ogre
             ... wielding a +0 giant spiked club
              (10 damage)
             ... on level 3 of the Dungeon.
             The game lasted 00:04:10 (1808 turns).

Okkudo the Chopper (Hill Orc Monk)                  Turns: 1808, Time: 00:04:10

Health: -2/39      AC:  6    Str: 15    XL:     4   Next: 50%
Magic:  4/4        EV: 10    Int: 10    God:
Gold:   218        SH:  0    Dex: 13    Spells: 3/3 levels left

rFire   . . .        a - +0 hand axe
rCold   . . .        d - orb {light}
rNeg    + . .        j - +0 scale mail
rPois   .            (no helmet)
rElec   .            (no cloak)
rCorr   .            (no gloves)
SInv    .            (no boots)
Will    .....        (no amulet) Stlth
                     g - ring of positive energy
HPRegen 0.26/turn    (no ring)
MPRegen 0.09/turn

%: no passive effects
@: confused, ambrosia-drunk, glowing
A: no striking features
a: no special abilities


You were on level 3 of the Dungeon.
You visited 1 branch of the dungeon, and saw 3 of its levels.

You collected 218 gold pieces.

Inventory:

Hand Weapons
 a - a +0 hand axe (weapon)
Missiles
 r - 6 curare-tipped darts (quivered)
Armour
 d - an orb of light (worn)
 j - a +0 scale mail (worn)
Jewellery
 g - a ring of positive energy (left hand)
Scrolls
 e - a scroll of blinking {unknown}
 h - a scroll of silence {unknown}
 i - a scroll of brand weapon {unknown}
 k - a scroll of teleportation {unknown}
 m - a scroll of fog {unknown}
 q - a scroll of identify {unknown}
Potions
 b - a potion of cancellation {unknown}
 f - a potion of lignification {unknown}
 l - a potion of berserk rage {unknown}
 n - 3 potions of curing {unknown}
 o - a potion of attraction {unknown}
 p - a potion of haste {unknown}


   Skills:
 - Level 3.6 Fighting
 * Level 6.8 Axes
 - Level 2.4 Dodging


You had 3 spell levels left.
You didn't know any spells.
Your spell library contained the following spells:

 Spells                   Type           Power      Damage    Failure   Level
 Static Discharge         Conj/Air       0%         2-2/arc   94%         2
 Airstrike                Air            0%         2d(0-16)  100%        4
 Summon Lightning Spire   Summ/Air       0%         N/A       100%        4


Dungeon Overview and Level Annotations

Branches:
Dungeon (3/15)

Altars:

Shops:
D:1 [


Message History

The orc shouts!
The orc throws a boomerang.
The boomerang closely misses you. The bat barely misses you.
A quokka comes into view.
You see here a scroll labelled QIDYFY NUT.
The bat attacks as you move away! The bat closely misses you. The bat hits you.
The bat barely misses you. The adder attacks as you move away!
The adder bites you but does no damage.
An ogre comes into view. It is wielding a +0 giant spiked club.
The ogre shouts!
The bat hits you.
You hit the bat but do no damage. The bat closely misses you.
The adder bites you but does no damage.
You hit the adder.
The adder is heavily wounded.
The adder closely misses you.
You hit the adder.
The adder is almost dead.
The adder closely misses you.
You hit the adder but do no damage.
The adder is almost dead.
The adder bites you.
You hit the adder.
You kill the adder!
The bat hits you but does no damage.
A wight comes into view. It is wielding a +2 great sword.
The bat closely misses you.
You hit the bat.
You kill the bat!
You barely miss the ogre.
The ogre hits you with a +0 giant spiked club!!
Ouch! That really hurt!
* * * LOW HITPOINT WARNING * * *
You hear a shout!
You are confused.
You feel invigorated. The orc hits you with a +0 dagger.
* * * LOW HITPOINT WARNING * * *
An orc comes into view. It is wielding a +0 mace.
The ogre hits you with a +0 giant spiked club!
You die...

r.............
#.....o.<......
#...............
#...............
#..............
.............
.###.######o....#....
......O@o..?!.......#
......###.....#.#.##
......###...##..#.#
..................#
...
..............#### .z
........##.......# .
......#..<.......#
.....####........#
..#####.......#


You could see an ogre, a wight and 2 orcs.

Vanquished Creatures
  4 adders
  4 dart slugs
  7 bats
  An endoplasm (D:1)
  A giant cockroach (D:2)
  6 goblins
  4 hobgoblins
  4 kobolds
  A quokka (D:1)
  5 ball pythons
  A frilled lizard (D:2)
  2 rats (D:1)
40 creatures vanquished.

Notes
Turn   | Place    | Note
-------+----------+-------------------------------------------
     0 | D:1      | Okkudo the Hill Orc Monk began the quest for the Orb.
     0 | D:1      | Reached XP level 1. HP: 19/19 MP: 1/1
   246 | D:1      | Reached XP level 2. HP: 20/26 MP: 2/2
   278 | D:1      | Found a faded altar of an unknown god.
   334 | D:1      | Reached skill level 5 in Axes
   584 | D:1      | Found Tunnaj's Armour Shop.
   649 | D:1      | Reached XP level 3. HP: 28/31 MP: 3/3
  1169 | D:2      | Reached skill level 6 in Axes
  1226 | D:2      | Reached XP level 4. HP: 31/39 MP: 4/4
  1801 | D:3      | Noticed an ogre
  1808 | D:3      | Slain by an ogre

Illustrated notes

Levels and vault maps discovered:
D:1:      lightli_arrival_noodles, layout_loops_corners,
          hellmonk_ecumenical_altar_leap_of_faith, serial_shops, shop_coins,
          minivault_19
D:2:      layout_loops_cross
D:3:      layout_rooms, overflow_temple_1_default

Skill      XL: |  1  2  3 |
---------------+----------+-----
Axes           | 5 6 |  6.8
Fighting       | |  3.6
Dodging        | |  2.4

Action                     |  1- 3 |  4- 6 || total
---------------------------+-------+-------++-------
  Melee: Hand axe          |    85 |    22 ||   107
    Use: Potion            |       |     1 ||     1
 Armour: Robe              |    11 |       ||    11
         Scale mail        |    11 |     9 ||    20
  Dodge: Dodged            |    60 |    17 ||    77
